 Dungeon Crawl Stone Soup version 0.26.1-2-gb8aa6d0cf2 (webtiles) character file.

Game seed: 10019622897783142086

115 jlumianski the Grasshopper (level 5, 0/43 HPs)
             Began as a Gnoll Warper on Mar 27, 2021.
             Succumbed to an orc wizard's poison
             ... on level 2 of the Dungeon.
             The game lasted 00:10:41 (2552 turns).

jlumianski the Grasshopper (Gnoll Warper)           Turns: 2552, Time: 00:10:41

Health: 0/43       AC:  7    Str: 13    XL:     5   Next: 0%
Magic:  7/12       EV: 13    Int: 17    God:
Gold:   69         SH:  0    Dex: 14    Spells: 6/14 levels left

rFire    . . .     SeeInvis .   a - +0 hand axe
rCold    . . .     Faith    .   (no shield)
rNeg     . . .     Spirit   .   g - +0 ring mail
rPois    .         Reflect  .   j - +0 helmet
rElec    .         Harm     .   (no cloak)
rCorr    .         Rampage  .   h - +0 pair of gloves
Will     .....                  (no boots)
Stlth    +.........             (no amulet)
HPRegen  0.14/turn              (no ring)
MPRegen  0.13/turn              (no ring)

@: lethally poisoned (0 -> -15), flying
A: distributed training, fangs 1, strong nose
a: no special abilities


You were on level 2 of the Dungeon.
You visited 1 branch of the dungeon, and saw 3 of its levels.

You collected 69 gold pieces.

Inventory:

Hand Weapons
 a - a +0 hand axe (weapon)
 c - a +0 dagger
 d - a +1 dagger of holy wrath
Missiles
 e - 4 boomerangs of dispersal
 i - 15 stones (quivered)
Armour
 b - a +0 leather armour
 g - a +0 ring mail (worn)
 h - a +0 pair of gloves (worn)
 j - a +0 helmet (worn)
 r - a +0 plate armour of fire resistance
Scrolls
 f - a scroll of identify {unknown}
 k - a scroll of blinking
 l - a scroll of amnesia {unknown}
 m - a scroll of fog
 n - a scroll of teleportation {unknown}
 o - a scroll of remove curse {unknown}
 p - a scroll of fear {unknown}


   Skills:
 + Level 4.7 Fighting
 + Level 1.3 Short Blades
 + Level 1.3 Long Blades
 + Level 4.7 Axes
 + Level 1.3 Maces & Flails
 + Level 1.3 Polearms
 + Level 1.3 Staves
 + Level 1.3 Slings
 + Level 1.3 Bows
 + Level 1.3 Crossbows
 + Level 2.8 Throwing
 + Level 2.8 Armour
 + Level 4.7 Dodging
 + Level 1.3 Stealth
 + Level 1.3 Shields
 + Level 1.3 Unarmed Combat
 + Level 5.1 Spellcasting
 + Level 1.0 Conjurations
 + Level 1.0 Hexes
 + Level 1.0 Summonings
 + Level 1.0 Necromancy
 + Level 5.5 Translocations
 + Level 1.0 Transmutations
 + Level 1.0 Fire Magic
 + Level 1.0 Ice Magic
 + Level 1.0 Air Magic
 + Level 1.0 Earth Magic
 + Level 1.0 Poison Magic
 + Level 1.4 Invocations
 + Level 1.3 Evocations


You had 6 spell levels left.
You knew the following spells:

 Your Spells              Type           Power        Failure   Level
a - Blink                 Tloc           N/A          4%          2
b - Teleport Other        Tloc           23%          9%          3
c - Gell's Gravitas       Tloc           11%          9%          3

Your spell library contained the following spells:

 Spells                   Type           Power        Failure   Level
 Lesser Beckoning         Tloc           11%          9%          3
 Passage of Golubria      Tloc           N/A          30%         4


Dungeon Overview and Level Annotations

Branches:
Dungeon (3/15)

Altars:

Annotations:
D:3 Sigmund


Innate Abilities, Weirdness & Mutations

Your experience applies equally to all skills.
You have very sharp teeth.
Your uncanny sense of smell can sniff out nearby items.


Message History

Casting: Gell's Gravitas (dangerous; 9% risk of failure)
Confirm with . or Enter, or press ? or * to list all spells.
You blink.
* * * LOW HITPOINT WARNING * * *
You feel sick.
The orc wizard gestures at you while chanting.
You resist with some effort.
* * * LOW HITPOINT WARNING * * *
You feel sick.
* * * LOW HITPOINT WARNING * * *
You feel sick.
You aren't carrying any potions.
* * * LOW HITPOINT WARNING * * *
You feel sick.
* * * LOW HITPOINT WARNING * * *
You feel sick.
Casting: Blink (safe; 4% risk of failure)
Confirm with . or Enter, or press ? or * to list all spells.
You blink.
You die...

......########.......)...###..###
...............#.####....# ##.###
.......######.....# #.#..####..##
.......######.....# #.#....###.##
...)..............# #..#.#...#.##
.......######.....# ##.#.###.....
......#######.....####.#...##...#
............>)...o§.............#
.......######...@.###....####...#
.......# #.....# #....# #...#
.......# ####### #....# #####
.......# #....# ......## #....#
.....## #....# ###### ######


You could see an orc wizard (fast).

Vanquished Creatures
  Robin (D:1)
  An adder (D:3)
  2 worms (D:2)
  3 dart slugs (D:1)
  2 leopard geckos (D:1)
  5 orcs
  4 giant cockroaches
  5 hobgoblins
  12 jackals
  3 kobolds (D:1)
  6 bats
  6 frilled lizards
  16 goblins
  3 rats (D:1)
69 creatures vanquished.

Notes
Turn   | Place    | Note
-------+----------+-------------------------------------------
     0 | D:1      | jlumianski the Gnoll Warper began the quest for the Orb.
     0 | D:1      | Reached XP level 1. HP: 20/20 MP: 6/6
   115 | D:2      | Noticed Robin
   209 | D:1      | Reached XP level 2. HP: 13/26 MP: 7/7
   375 | D:1      | Learned a level 2 spell: Blink
   433 | D:1      | Killed Robin
   434 | D:1      | Reached skill level 5 in Spellcasting
   434 | D:1      | Reached XP level 3. HP: 7/31 MP: 7/9
   873 | D:1      | Learned a level 3 spell: Teleport Other
   877 | D:1      | Learned a level 3 spell: Gell's Gravitas
   894 | D:1      | Reached skill level 1 in Invocations
  1169 | D:1      | Reached skill level 1 in Short Blades
  1169 | D:1      | Reached skill level 1 in Long Blades
  1169 | D:1      | Reached skill level 1 in Maces & Flails
  1169 | D:1      | Reached skill level 1 in Polearms
  1169 | D:1      | Reached skill level 1 in Staves
  1169 | D:1      | Reached skill level 1 in Slings
  1169 | D:1      | Reached skill level 1 in Bows
  1169 | D:1      | Reached skill level 1 in Crossbows
  1169 | D:1      | Reached skill level 1 in Stealth
  1169 | D:1      | Reached skill level 1 in Shields
  1169 | D:1      | Reached skill level 1 in Unarmed Combat
  1169 | D:1      | Reached skill level 1 in Evocations
  1221 | D:2      | Reached XP level 4. HP: 36/38 MP: 11/11
  1793 | D:2      | Reached skill level 1 in Conjurations
  1793 | D:2      | Reached skill level 1 in Hexes
  1793 | D:2      | Reached skill level 1 in Summonings
  1793 | D:2      | Reached skill level 1 in Necromancy
  1793 | D:2      | Reached skill level 1 in Transmutations
  1793 | D:2      | Reached skill level 1 in Fire Magic
  1793 | D:2      | Reached skill level 1 in Ice Magic
  1793 | D:2      | Reached skill level 1 in Air Magic
  1793 | D:2      | Reached skill level 1 in Earth Magic
  1793 | D:2      | Reached skill level 1 in Poison Magic
  1978 | D:3      | Noticed Sigmund
  2534 | D:2      | Reached XP level 5. HP: 36/43 MP: 8/12
  2550 | D:2      | HP: 1/43 [poisoned by an orc wizard]
  2552 | D:2      | Succumbed to an orc wizard's poison

Illustrated notes

Levels and vault maps discovered:
D:1:      shiori_shiawase, layout_loops_ring, minmay_misc_feat_diagonals,
          minmay_heptomino_w4
D:2:      layout_rooms, uniq_robin
D:3:      layout_rooms, ebering_ghost_rock_garden, kennysheep_generic_room_14,
          uniq_sigmund

Skill      XL: |  1  2  3  4 |
---------------+-------------+-----
Spellcasting   | 5 |  5.1
Invocations    | 1 |  1.4
Short Blades   | 1 |  1.3
Long Blades    | 1 |  1.3
Maces & Flails | 1 |  1.3
Polearms       | 1 |  1.3
Staves         | 1 |  1.3
Slings         | 1 |  1.3
Bows           | 1 |  1.3
Crossbows      | 1 |  1.3
Stealth        | 1 |  1.3
Shields        | 1 |  1.3
Unarmed Combat | 1 |  1.3
Evocations     | 1 |  1.3
Conjurations   | 1 |  1.0
Hexes          | 1 |  1.0
Summonings     | 1 |  1.0
Necromancy     | 1 |  1.0
Transmutations | 1 |  1.0
Fire Magic     | 1 |  1.0
Ice Magic      | 1 |  1.0
Air Magic      | 1 |  1.0
Earth Magic    | 1 |  1.0
Poison Magic   | 1 |  1.0
Fighting       | |  4.7
Axes           | |  4.7
Throwing       | |  2.8
Armour         | |  2.8
Dodging        | |  4.7
Translocations | |  5.5

Action                   |  1- 3 |  4- 6 || total
-------------------------+-------+-------++-------
Melee: Hand axe          |    95 |    99 ||   194
       Bite              |     8 |     8 ||    16
Throw: Stone             |     1 |     5 ||     6
       Boomerang         |     1 |       ||     1
 Cast: Gell's Gravitas   |     3 |    10 ||    13
       Blink             |       |     2 ||     2
  Use: Scroll            |     1 |     1 ||     2
       Potion            |       |     1 ||     1
Armor: Ring mail         |    44 |    40 ||    84
       Leather armour    |     1 |       ||     1
Dodge: Dodged            |    68 |    85 ||   153
